 Dungeon Crawl Stone Soup version 0.31-a0-221-gbddc013574 (webtiles) character file.

Game seed: 6630995452460563558

57 Maxmaps the Trooper (level 3, -1/29 HPs)
             Began as a Demonspawn Reaver on July 5, 2023.
             Slain by Sigmund
             ... wielding a +0 scythe
              (11 damage)
             ... on level 2 of the Dungeon.
             The game lasted 00:01:18 (1373 turns).

Maxmaps the Trooper (Demonspawn Reaver)             Turns: 1373, Time: 00:01:19

Health: -1/29      AC:  3    Str: 12    XL:     3   Next: 73%
Magic:  6/6        EV: 11    Int: 16    God:
Gold:   69         SH:  0    Dex: 11    Spells: 5/6 levels left

rFire   . . .        a - +0 spear
rCold   . . .        (no shield)
rNeg    . . .        b - +0 leather armour
rPois   .            (no helmet)
rElec   .            (no cloak)
rCorr   .            (no gloves)
SInv    .            (no boots)
Will    .....        (no amulet)
Stlth   +            (no ring)
HPRegen 0.24/turn    (no ring)
MPRegen 0.10/turn

%: no passive effects
@: no status effects
A: spiny 1
a: no special abilities


You were on level 2 of the Dungeon.
You visited 1 branch of the dungeon, and saw 3 of its levels.

You collected 69 gold pieces.

Inventory:

Hand Weapons
 a - a +0 spear (weapon)
Armour
 b - a +0 leather armour (worn)
Wands
 n - a wand of flame (25)
Scrolls
 c - 5 scrolls of identify {unknown}
 d - a scroll of vulnerability {unknown}
 i - 2 scrolls of fear {unknown}
 k - a scroll of revelation {unknown}
 l - 2 scrolls of teleportation {unknown}
 m - a scroll of amnesia {unknown}
Potions
 e - a potion of berserk rage {unknown}
 f - 2 potions of resistance {unknown}
 g - a potion of degeneration {unknown}
 h - a potion of mutation {unknown}
 j - a potion of curing {unknown}


   Skills:
 + Level 3.6 Fighting
 - Level 3.2 Polearms
 - Level 1.7 Dodging
 - Level 2.0 Spellcasting
 - Level 3.0 Conjurations


You had 5 spell levels left.
You knew the following spells:

 Your Spells              Type           Power      Damage    Failure   Level
a - Kiss of Death         Conj/Necr      24%        2d7       14%         1

Your spell library contained the following spells:

 Spells                   Type           Power      Damage    Failure   Level
 Momentum Strike          Conj/Tloc      12%        3d8       22%         2
 Hailstorm                Conj/Ice       6%         3d4       38%         3


Dungeon Overview and Level Annotations

Branches:
Dungeon (3/15)

Altars:

Annotations:
D:2 Sigmund
D:3 1 runed translucent door


Innate Abilities, Weirdness & Mutations

You are partially covered in sharp spines.


Message History

There is a stone staircase leading up here.
There is a stone staircase leading down here.
You now have 69 gold pieces (gained 12).
n - a wand of flame (25)
There is a stone staircase leading up here.
Found a runed translucent door.
There is a stone staircase leading up here.
You climb upwards.
The kobold shouts!
You hear a shout!
The kobold hits you but does no damage.
There is a stone staircase leading down here.
A kobold is nearby!
You hit the kobold.
The kobold is heavily wounded.
The kobold is struck by your spines. The kobold barely misses you.
Sigmund the Dreaded comes into view.
He is wielding a +0 scythe and wearing a +1 robe of resistance.
There are monsters nearby!
You hit the kobold.
You kill the kobold!
Found a scroll labelled NUOMOSKIAS and 7 stones.
You reach to attack!
You closely miss Sigmund. Sigmund closely misses you.
You hit Sigmund.
Sigmund is lightly wounded.
Sigmund gestures at you while chanting. The puff of flame misses you.
You closely miss Sigmund.
Sigmund is lightly wounded.
Sigmund mumbles some strange words.
Sigmund flickers and vanishes!
Deactivating autopickup; reactivate with Ctrl-A.
No target in view!
No target in view!
You closely miss something. Something hits you but does no damage.
You completely miss something. You miss something. Something hits you.
You barely miss something. Something hits you!
You closely miss something. You miss something. Something hits you!
You hit something. Something hits you!
You die...

#.. #.# #.#
#.# #.# #)#
#>#
#######.######
..(....@....?#
########{###.#
.# .# .# ## ##
.#


There were no monsters in sight!

Vanquished Creatures
  An adder (D:2)
  A dart slug (D:2)
  5 bats (D:1)
  5 endoplasms
  3 giant cockroaches
  4 goblins
  4 hobgoblins
  2 jackals (D:1)
  3 quokkas
  2 ball pythons (D:1)
  4 frilled lizards
  5 kobolds
  2 rats (D:2)
41 creatures vanquished.

Notes
Turn   | Place    | Note
-------+----------+-------------------------------------------
     0 | D:1      | Maxmaps the Demonspawn Reaver began the quest for the Orb.
     0 | D:1      | Reached XP level 1. HP: 16/16 MP: 3/3
   134 | D:1      | Gained mutation: You are partially covered in sharp spines.
                  | [demonic ancestry]
   134 | D:1      | Reached XP level 2. HP: 13/22 MP: 5/5
   527 | D:1      | Reached XP level 3. HP: 16/28 MP: 6/6
  1351 | D:3      | Found a runed translucent door.
  1360 | D:2      | Noticed Sigmund
  1373 | D:2      | Slain by Sigmund

Illustrated notes

Levels and vault maps discovered:
D:1:      spicycebolla_arrival_clurvy, layout_basic,
          nicolae_twisty_statue_hallways
D:2:      layout_basic, basic_altar, uniq_sigmund
D:3:      layout_loops_cross, mainiacjoe_overflow_paths,
          ebering_ghost_reflecting_pool

Skill      XL: |  1  2  3 |
---------------+----------+-----
Polearms       | 3 |  3.2
Fighting       | 3 |  3.6
Dodging        | |  1.7
Spellcasting   | |  2.0
Conjurations   | |  3.0

Action                     || total
---------------------------++-------
  Melee: Spear             ||   147
         Punch             ||     1
 Armour: Leather armour    ||    38
  Dodge: Dodged            ||    61

Table legend: (Time is in decaauts)
 A = Elapsed time spent in this place.
 B = Non-inter-level travel time spent in this place.
 C = Inter-level travel time spent in this place.
 D = Time resting spent in this place.
 E = Time spent auto-exploring this place.
 F = Levels seen in this place.
 G = Mean time per level.
                   A        B        C        D        E       F      G
               +--------+--------+--------+--------+--------+-----+--------+
         Total |   1363 |   1335 |     28 |    215 |    849 |   3 |  454.3 |
       Dungeon |   1363 |   1335 |     28 |    215 |    849 |   3 |  454.3 |
               +--------+--------+--------+--------+--------+-----+--------+

Top non-repeatable levels by time:
     D:1: 800 daAuts
     D:2: 541 daAuts
     D:3: 21 daAuts
